 Dungeon Crawl Stone Soup version 0.31.0-4-g52a2dc7128 (webtiles) character file.

Game seed: 11910650681320946205

3412892 Arcadio the Invulnerable (level 27, 181/181 (191) HPs)
             Began as a Minotaur Fighter on Jan 20, 2024.
             Was the Champion of Nemelex Xobeh.
             Escaped with the Orb
             ... and 5 runes
             ... and 1 gem on Jan 21, 2024!
             The game lasted 04:34:38 (66750 turns).

Arcadio the Invulnerable (Minotaur Fighter)        Turns: 66750, Time: 04:34:39

HP:   181/181 (191) AC: 44    Str: 31    XL:     27
MP:   48/48         EV: 14    Int:  9    God:    Nemelex Xobeh [******]
Gold: 5893          SH: 30    Dex: 13    Spells: 26/26 levels left

rFire   + . .        j - +9 broad axe (vamp)
rCold   + . .        J - +6 tower shield
rNeg    + . .        G - +9 gold dragon scales
rPois   +            Q - +2 hat
rElec   +            u - +2 cloak
rCorr   +            a - +2 pair of gloves of the Trout {rCorr}
SInv    +            X - +2 pair of boots
Will    +++..        T - amulet of regeneration Stlth
                     m - ring of the Establishment {rElec rN+ Will+ Dex+4}
HPRegen 1.30/turn    x - ring "Ygomitua" {rF+ rCorr MP+9 Str+3}
MPRegen 0.31/turn

%: random rage (9%)
@: studying Ranged Weapons, drained
A: horns 2, retaliatory headbutt, see invisible, berserk 2, clever 1, clumsy 1,
deformed body, frail 3, weak 2, heat vulnerability 1, subdued magic 2,
MP-powered wands, persistent drain
0: Orb of Zot
}: 5/15 runes: decaying, serpentine, slimy, silver, abyssal
a: Renounce Religion, Draw Escape, Draw Destruction, Draw Summoning, Triple
Draw, Deal Four, Stack Five


You escaped.
You worshipped Nemelex Xobeh.
Nemelex Xobeh was exalted by your worship.
You visited 14 branches of the dungeon, and saw 58 of its levels.
You visited the Abyss 3 times.
You visited 1 ziggurat, and saw 6 of its levels.
You also visited: Bailey, Ice Cave and Volcano.

You collected 9146 gold pieces.
You spent 3253 gold pieces at shops.

Inventory:

Hand Weapons
 j - a +9 vampiric broad axe (weapon)
Armour
 a - the +2 pair of gloves of the Trout (worn) {rCorr}
   (You found it on level 1 of the Lair of Beasts)

   rCorr:     It protects you from acid and corrosion.
 u - a +2 cloak (worn)
 G - +9 gold dragon scales (worn)
 H - the +10 plate armour of Cocytus {rPois Regen+ Str+2 SInv}
   (You found it on level 7 of the Dungeon)

   Str+2:     It affects your strength (+2).
   rPois:     It protects you from poison SInv: It lets you see invisible.
   Regen+:    It increases your rate of health regeneration.
 J - a +6 tower shield (worn)
 Q - a +2 hat (worn)
 X - a +2 pair of boots (worn)
Jewellery
 i - the ring of Ibempam {rElec Will- AC+4 Int+4}
   (You took it off an ironbound preserver on level 4 of the Vaults)

   [ring of protection]

   AC+4:      It affects your AC (+4).
   Int+4:     It affects your intelligence (+4).
   rElec:     It insulates you from electricity.
   Will-:     It decreases your willpower.
 l - the amulet "Munorghuv" {Reflect *Corrode rElec rF+ Str+3 SH+5}
   (You found it in an ice cave)

   [amulet of reflection]

   Reflect:   It reflects blocked missile attacks.
   Str+3:     It affects your strength (+3).
   rF+:       It protects you from fire.
   rElec:     It insulates you from electricity.
   *Corrode:  It may corrode you when you take damage.
   SH+5:      It affects your SH (+5).
 m - the ring of the Establishment (left hand) {rElec rN+ Will+ Dex+4}
   (You bought it in a shop on level 1 of the Depths)

   [ring of positive energy]

   Dex+4:     It affects your dexterity (+4).
   rElec:     It insulates you from electricity.
   rN+:       It protects you from negative energy.
   Will+:     It increases your willpower.
 r - the ring of Baulaxuul {rC- Will+ Str+3 Dex+3}
   (You found it on level 1 of the Swamp)

   [ring of willpower]

   Str+3:     It affects your strength (+3).
   Dex+3:     It affects your dexterity (+3).
   rC-:       It makes you vulnerable to cold.
   Will+:     It increases your willpower.
 x - the ring "Ygomitua" (right hand) {rF+ rCorr MP+9 Str+3}
   (You found it in an ice cave)

   [ring of resist corrosion]

   Str+3:     It affects your strength (+3).
   rF+:       It protects you from fire.
   MP+9:      It affects your magic capacity (+9).
   rCorr:     It protects you from acid and corrosion.
 T - an amulet of regeneration (around neck)
Wands
 c - a wand of mindburst (24)
 w - a wand of flame (133)
 y - a wand of digging (16)
 O - a wand of paralysis (40)
 P - a wand of acid (17)
 R - a wand of roots (75)
 S - a wand of polymorph (25)
Scrolls
 d - a scroll of vulnerability
 f - 6 scrolls of revelation
 g - a scroll of enchant armour
 k - a scroll of torment
 p - 17 scrolls of teleportation
 v - 10 scrolls of fog
 B - 6 scrolls of poison
 F - 12 scrolls of fear
 I - 4 scrolls of blinking
 L - a scroll of butterflies
 N - 3 scrolls of silence
Potions
 e - 16 potions of curing
 h - 13 potions of attraction
 n - 2 potions of cancellation
 o - 6 potions of enlightenment
 s - 11 potions of lignification
 C - 4 potions of resistance
 D - 10 potions of haste
 E - 13 potions of might
 W - 6 potions of invisibility
 Y - 4 potions of berserk rage
 Z - a potion of ambrosia
Miscellaneous
 b - a phantom mirror (inert)
 M - a phial of floods


   Skills:
 O Level 27 Fighting
 O Level 27 Axes
 O Level 27 Armour
 + Level 16.6 Dodging
 O Level 27 Shields
 - Level 26.6 Invocations


You had 26 spell levels left.
You didn't know any spells.
Your spell library contained the following spells:

 Spells                   Type           Power      Damage    Failure   Level
 Magic Dart               Conj           0%         1d3       86%         1
 Necrotise                Necr           0%         1d4       86%         1
 Sandblast                Erth           0%         2d4       86%         1
 Shock                    Conj/Air       0%         1d3       86%         1
 Slow                     Hex            0%         N/A       86%         1
 Sting                    Conj/Alch      0%         1d3       86%         1
 Summon Small Mammal      Summ           0%         N/A       86%         1
 Blink                    Tloc           0%         N/A       95%         2
 Call Imp                 Summ           0%         N/A       95%         2
 Cigotuvi's Dreadful Rot  Necr/Alch/Air  0%         N/A       95%         2
 Ensorcelled Hibernation  Hex/Ice        0%         N/A       95%         2
 Jinxbite                 Hex            0%         N/A       95%         2
 Lesser Beckoning         Tloc           0%         N/A       95%         2
 Mercury Vapours          Alch/Air       0%         N/A       95%         2
 Momentum Strike          Conj/Tloc      0%         3d8       95%         2
 Sublimation of Blood     Necr           0%         N/A       95%         2
 Call Canine Familiar     Summ           0%         N/A       99%         3
 Confusing Touch          Hex            0%         N/A       99%         3
 Dazzling Flash           Conj/Hex       0%         N/A       99%         3
 Frozen Ramparts          Ice            0%         1d1       99%         3
 Fugue of the Fallen      Necr           0%         N/A       99%         3
 Gell's Gravitas          Tloc           0%         N/A       99%         3
 Hailstorm                Conj/Ice       0%         3d5       99%         3
 Inner Flame              Hex/Fire       0%         N/A       99%         3
 Mephitic Cloud           Conj/Alch/Air  0%         N/A       99%         3
 Passwall                 Erth           0%         N/A       99%         3
 Sigil of Binding         Hex            0%         N/A       99%         3
 Stone Arrow              Conj/Erth      0%         3d7       99%         3
 Summon Ice Beast         Ice/Summ       0%         N/A       99%         3
 Swiftness                Air            0%         N/A       99%         3
 Teleport Other           Tloc           0%         N/A       99%         3
 Tukima's Dance           Hex            0%         N/A       99%         3
 Vampiric Draining        Necr           0%         2d6       99%         3
 Volatile Blastmotes      Fire/Tloc      0%         2d10      99%         3
 Airstrike                Air            0%         2d(0-16)  100%        4
 Anguish                  Hex/Necr       0%         N/A       100%        4
 Animate Armour           Summ/Erth      0%         N/A       100%        4
 Animate Dead             Necr           0%         N/A       100%        4
 Brom's Barrelling Bould  Conj/Erth      0%         2d3       100%        4
 Cause Fear               Hex            0%         N/A       100%        4
 Dimensional Bullseye     Hex/Tloc       0%         N/A       100%        4
 Flame Wave               Conj/Fire      0%         2d4       100%        4
 Fulminant Prism          Conj/Alch      0%         3d5       100%        4
 Ignite Poison            Fire/Alch      0%         N/A       100%        4
 Iskenderun's Mystic Bla  Conj/Tloc      0%         2d3       100%        4
 Leda's Liquefaction      Alch/Erth      0%         N/A       100%        4
 Martyr's Knell           Necr/Summ      0%         N/A       100%        4
 Olgreb's Toxic Radiance  Alch           0%         N/A       100%        4
 Passage of Golubria      Tloc           0%         N/A       100%        4
 Petrify                  Alch/Erth      0%         N/A       100%        4
 Sticky Flame             Fire/Alch      0%         2d4       100%        4
 Summon Blazeheart Golem  Fire/Summ      0%         N/A       100%        4
 Summon Lightning Spire   Summ/Air       0%         N/A       100%        4
 Alistair's Intoxication  Alch           0%         N/A       100%        5
 Borgnjor's Vile Clutch   Necr/Erth      0%         N/A       100%        5
 Curse of Agony           Necr           0%         N/A       100%        5
 Fireball                 Conj/Fire      0%         3d3       100%        5
 Freezing Cloud           Conj/Ice/Air   0%         6-21      100%        5
 Irradiate                Conj/Alch      0%         3d11      100%        5
 Iskenderun's Battlesphe  Conj           0%         2d6       100%        5
 Lee's Rapid Deconstruct  Erth           0%         3d4*      100%        5
 Metabolic Englaciation   Hex/Ice        0%         N/A       100%        5
 Summon Forest            Summ/Tloc      0%         N/A       100%        5
 Summon Mana Viper        Hex/Summ       0%         N/A       100%        5
 Yara's Violent Unravell  Hex/Alch       0%         3d3       100%        5
 Bombard                  Conj/Erth      0%         9d1       100%        6
 Conjure Ball Lightning   Conj/Air       0%         3x3d6     100%        6
 Death Channel            Necr           0%         N/A       100%        6
 Dispersal                Tloc           0%         N/A       100%        6
 Eringya's Noxious Bog    Alch           0%         4d6       100%        6
 Sculpt Simulacrum        Ice/Alch       0%         N/A       100%        6
 Starburst                Conj/Fire      0%         6d3       100%        6
 Enfeeble                 Hex            0%         N/A       100%        7
 Haunt                    Necr/Summ      0%         N/A       100%        7
 Monstrous Menagerie      Summ           0%         N/A       100%        7
 Orb of Destruction       Conj           0%         9d5       100%        7
 Spellforged Servitor     Conj/Summ      0%         N/A       100%        7
 Summon Hydra             Summ           0%         N/A       100%        7
 Ignition                 Fire           0%         3d3       100%        8
 Infestation              Necr           0%         N/A       100%        8
 Maxwell's Capacitive Co  Air            0%         ∞         100%        8
 Summon Horrible Things   Summ           0%         N/A       100%        8
 Dragon's Call            Summ           0%         N/A       100%        9


Dungeon Overview and Level Annotations

Branches:
Dungeon (15/15)            Temple (1/1) D:4            Lair (5/5) D:10
  Swamp (4/4) Lair:3        Snake (4/4) Lair:2        Slime (5/5) Lair:4
    Orc (2/2) D:11            Elf (3/3) Orc:2        Vaults (5/5) D:14
  Crypt (3/3) Vaults:2       Tomb (1/3) Crypt:3      Depths (4/4) D:15
   Hell (visited)             Zot (5/5) Depths:4     Bailey (visited)
  IceCv (visited)         Volcano (visited)
    Dis: Hell:1         Geh: Hell:1         Coc: Hell:1         Tar: Hell:1

Altars:
Ashenzari
Cheibriados
Dithmenos
Elyvilon
Fedhas
Gozag
Hepliaklqana
Kikubaaqudgha
Makhleb
Nemelex Xobeh
Okawaru
Qazlal
Ru
Sif Muna
Trog
Uskayaw
Vehumet
Wu Jian
Xom
Yredelemnul
Zin
The Shining One
Jiyva

Shops:
D:1 [   D:8 [   D:11 ?!(   D:13 *   Orc:2 [:(*!   Elf:2 (   Elf:3 (   Snake:4 *
Vaults:5 =   Depths:1 :==

Portals:
Hell: Depths:1 Depths:2 Depths:3 Depths:4
Abyss: Depths:3
Pandemonium: Depths:2
Trove: Vaults:4 (give +7 demon blade)

Annotations:
Snake:3 2 transporters, puimuR's ghost, adept HORe
Snake:4 3 runed translucent doors, sleeves's ghost, adept BaSu
Hell Geryon


Innate Abilities, Weirdness & Mutations

You have a pair of horns on your head.
You reflexively headbutt those who attack you in melee.
You have supernaturally acute eyesight. (SInv)
You have an uncontrollable temper.
Your mind is acute. (Int +4, Str/Dex -1)
You are clumsy. (Dex -2)
Armour fits poorly on your strangely shaped body.
You are extremely frail. (-30% HP)
You are very weak. (Str -4)
You are vulnerable to heat. (rF-)
Your spells are easier to cast, but less powerful.
You expend magic power (3 MP) to strengthen your wands.
Your health recovers twice as slowly from being drained.


Message History

The sixfirhy is almost dead.
You hit the sixfirhy. You block the sixfirhy's attack. x2
You slash the sixfirhy!
You kill the sixfirhy!
You slash the sixfirhy! You slice the sixfirhy!!
You kill the sixfirhy!
There is a stone staircase leading up here.
You climb upwards.
There is a stone staircase leading down here.
There is a stone staircase leading up here.
You climb upwards.
There is a stone staircase leading down here.
There is a stone staircase leading down here.
Aiming: Dig
Press: ? - help, Shift-Dir - straight line A rock wall.
This square is covered in magical glow.
You feel a surge of power!
The rock shatters into small pieces.
A cherub comes into view.
It is wielding a +1 long sword of flaming.
The cherub unwields a +1 long sword of flaming.
It stops flaming.
The cherub wields a +0 longbow.
The cherub shoots an arrow.
You block the arrow.
There is a stone staircase leading up here.
Magic restored.
You climb upwards.
There is a stone staircase leading down here.
A reaper comes into view.
It is wielding a +2 scythe of protection.
There is an escape hatch in the ceiling here.
You block the reaper's attack.
There is a stone staircase leading up here.
You block the reaper's attack.
You climb upwards.
There is a stone staircase leading down here.
There is an open door here.
You enter the shallow water.
Moving in this stuff is going to be slow.
An efreet comes into view.
It is wielding a +0 scimitar of flaming.
There is a staircase leading out of the dungeon here.
You have escaped!

#.#### #.#.# #### #.# #.#..###
##.### ###..# #.#
#####.#....####...####....#####.#
......##.....#..~..#.....##.##...
########8..~....~....~..8#.#.....
# ##...~..~~~..~...#####....
##.....~~~~~~~.....## ##...
#....~~~~...~~~~....###.#.#
#..~~~~~..@..~~~~~...#.##.#
#....~~~~...~~~~....#.###.#
##.....~~~~~~~.....######.#
##...~..~~~..~...##...##.# ######
#8..~....~....~..8###.##.#
.....###.....#..~..#.....###>##.#
.###.##....####.R.####....##.##.#
.# #.##..### ##°#######........#
.###.##### #☼#.......###.##.#


You could see an efreet.

Vanquished Creatures
  the Royal Jelly (Slime:5)
  Frederick (Vaults:4)
  4 dread liches
  8 ancient liches
  3 orbs of fire
  2 juggernauts (Depths:2)
  Sojobo (Depths:4)
  Vv (Zot:2)
  Parghit (Depths:4)
  8 Killer Klowns
  The ghost of lmSkywalker the Warrior, an adept DrSh of Okawaru (Depths:3)
  4 curse toes
  6 golden dragons
  Jory (Vaults:5)
  6 bone dragons
  An iron giant (Depths:3)
  A Tzitzimitl (Zot:5)
  4 electric golems
  Jorgrun (Orc:2)
  A Hell Sentinel (Zig:1)
  Zenata (Elf:2)
  13 tentacled monstrosities
  The ghost of Raspi the Warrior, an adept OnBe of Trog (Swamp:1)
  27 Orb Guardians
  4 liches
  3 titans
  5 quicksilver dragons
  4 deep elf blademasters
  A deep elf master archer (Elf:3)
  The ghost of Akuuror the Warrior, an adept GrFi of Okawaru (Snake:1)
  10 sphinxes
  4 tentacled starspawn
  26 acid blobs
  An Executioner (Abyss:4)
  9 ancient champions
  7 death cobs
  12 tengu reavers
  3 thorn hunters
  Gastronok (D:8)
  Agnes (Snake:2)
  14 shadow dragons
  Donald (Orc:1)
  12 storm dragons
  3 nagarajas
  9 rockslimes
  4 revenants
  6 draconian knights
  3 draconian monks
  7 protean progenitors
  3 daevas
  6 draconian shifters
  5 frost giants
  An emperor scorpion (Zig:4)
  12 azure jellies
  7 fire giants
  13 vault wardens
  An iron dragon (Depths:2)
  5 deep elf sorcerers
  3 ghost moths
  3 draconian scorchers
  2 curse skulls (Crypt:2)
  3 reapers
  8 deep elf elementalists
  4 draconian stormcallers
  The ghost of Foabaekk the Unseen, a journeyman GrMo of Gozag (Lair:2)
  A cacodemon (Abyss:4)
  17 ironbound preservers
  An orc warlord (Bailey)
  19 quicksilver oozes
  An angel (Depths:4)
  9 draconian annihilators
  6 ghouls
  10 ironbound thunderhulks
  24 stone giants
  11 deep elf death magi
  5 formless jellyfish
  3 eleionomae
  35 very ugly things
  18 black draconians
  5 vampire knights
  10 deep elf annihilators
  A putrid mouth (Depths:4)
  16 dire elephants
  15 green draconians
  5 war gargoyles
  18 purple draconians
  3 bunyips
  A bunyip (shapeshifter) (Vaults:4)
  6 white draconians
  7 deep elf demonologists
  22 red draconians
  7 yellow draconians
  Azrael (Snake:2)
  A blizzard demon (Zot:5)
  7 eidola
  3 crystal guardians
  4 green deaths
  8 spark wasps
  12 ettins
  9 fire dragons
  10 jiangshi
  A merfolk javelineer (Abyss:4)
  3 entropy weavers
  2 mummy priests
  13 yaktaur captains
  5 deep elf high priests
  Fannar (Lair:3)
  8 great orbs of eyes
  4 peacekeepers
  5 alligators
  A spriggan zombie (Crypt:1)
  2 hell beasts
  10 ice dragons
  3 salamander tyrants (Snake:4)
  5 spriggan air magi
  2 ogre magi
  4 rakshasas
  2 jorogumos (Zot:4)
  29 vault guards
  4 centaur warriors
  18 hydras
  A catoblepas (D:14)
  The ghost of Bauqient the Spear-Bearer, a journeyman MfSu of Sif Muna (Lair:1)
  9 ironbound frosthearts
  2 ghost crabs
  5 boulder beetles
  A bennu zombie (Crypt:3)
  14 anacondas
  32 dancing weapons
  3 thrashing horrors
  9 two-headed ogres
  2 death knights
  4 death scarabs (Tomb:1)
  A satyr (Abyss:4)
  9 deep troll shamans
  6 tengu warriors
  7 vampire magi
  13 deep troll earth magi
  7 hell hogs
  3 occultists
  10 shock serpents
  3 orc high priests (Orc:2)
  13 naga warriors
  12 naga sharpshooters
  Urug (Orc:1)
  Sonja (Orc:2)
  7 spriggan berserkers
  13 hell knights (Depths:2)
  13 deep elf knights
  3 soul eaters
  4 sixfirhies
  3 skysharks
  3 iron trolls
  2 sun demons (Depths:1)
  A pharaoh ant (Zig:4)
  29 skeletal warriors
  5 wretched stars
  7 goliath frogs
  3 shadow wraiths
  A salamander mystic (Snake:4)
  7 spriggan druids
  7 arcanists
  2 golden dragon zombies
  A mana viper (shapeshifter) (Depths:3)
  2 spark wasp zombies (Crypt:3)
  An anaconda zombie (Crypt:1)
  A spatial maelstrom (Abyss:4)
  A glowing orange brain (shapeshifter) (Depths:4)
  8 flayed ghosts
  10 mana vipers
  A shadow demon (Abyss:4)
  A spectral hydra (Lair:3)
  A bunyip zombie (Tomb:1)
  15 swamp dragons
  5 glowing orange brains
  A deep troll (shapeshifter) (Vaults:4)
  A death drake (Abyss:4)
  2 bog bodies
  69 deep trolls
  18 deep elf archers
  12 lindwurms
  11 orc knights
  21 ironbound convokers
  10 naga ritualists
  A harpy (Vaults:1)
  6 necromancers
  30 deep elf pyromancers
  6 phantasmal warriors
  A sphinx simulacrum (D:15)
  A wolf spider (shapeshifter) (Vaults:4)
  2 golden dragon skeletons (Crypt:3)
  5 orc sorcerers
  An elf skeleton (Vaults:1)
  9 shining eyes
  27 ugly things
  A shining eye (shapeshifter) (Depths:1)
  7 will-o-the-wisps
  22 deep elf zephyrmancers
  A stone giant zombie (Crypt:2)
  Maurice (D:9)
  12 salamanders
  2 worldbinders (Abyss:4)
  A cyclops (shapeshifter) (Vaults:5)
  A manticore (D:15)
  15 moths of wrath
  6 cyclopes
  41 black mambas
  18 large abominations
  3 meliai (D:14)
  A centaur zombie (Crypt:1)
  14 naga magi
  An iron dragon skeleton (Crypt:2)
  3 kobold blastminers
  16 elephants
  12 guardian serpents
  3 apocalypse crabs
  2 torpor snails
  2 ice statues (IceCv)
  A naga zombie (Crypt:2)
  5 smoke demons
  4 eyes of devastation
  15 cane toads
  3 orange demons
  6 freezing wraiths
  A minotaur zombie (Crypt:3)
  2 unseen horrors
  21 vault sentinels
  A kobold demonologist (D:10)
  A sea snake zombie (Crypt:2)
  2 efreet
  Maggie (Lair:1)
  A yaktaur (shapeshifter) (D:14)
  4 spectral deep trolls (Crypt:3)
  An unseen horror zombie (Crypt:2)
  6 rime drakes
  4 tormentors
  3 burning bushes (Lair:5)
  15 komodo dragons
  35 yaktaurs
  A guardian mummy (Tomb:1)
  2 death yak skeletons (Crypt:1)
  10 ancient zymes
  9 trolls
  A minotaur skeleton (Crypt:2)
  2 harpy zombies
  23 hornets
  6 tyrant leeches
  A tarantella (Zig:4)
  Grinder (D:6)
  A merfolk (Lair:5)
  5 polar bears
  A harpy skeleton (Tomb:1)
  8 glass eyes
  3 dream sheep (Lair:5)
  18 blink frogs
  An alligator simulacrum (Crypt:2)
  A culicivora zombie (Crypt:2)
  A snapping turtle (Elf:3)
  A raiju (Abyss:4)
  A spectral black mamba (Lair:3)
  A spectral dream sheep (Lair:3)
  3 ynoxinuls
  A centaur simulacrum (D:15)
  2 air elementals
  4 small abominations
  8 wyverns
  168 slime creatures
  6 water elementals
  2 shadows
  7 wraiths
  34 spriggans
  4 ushabtiu (Tomb:1)
  49 yaks
  6 fire bats
  10 golden eyes (Slime:5)
  A hog (shapeshifter) (Vaults:5)
  A naga simulacrum (Tomb:1)
  5 basilisks
  22 fire elementals
  5 neqoxecs
  7 wargs
  A redback (Vaults:1)
  6 steam dragons
  19 vampire mosquitoes
  2 chaos spawn
  Edmund (D:6)
  18 swamp worms
  A hydra simulacrum (Lair:3)
  A faun zombie (Crypt:1)
  A demonspawn zombie (Crypt:3)
  35 nagas
  3 acid dragons
  A water nymph skeleton (Crypt:3)
  11 water moccasins
  41 orc warriors
  7 swamp drakes
  A great orb of eyes simulacrum (IceCv)
  4 hell hounds (Snake:2)
  3 ice beasts
  A glowing shapeshifter skeleton (Crypt:2)
  14 laughing skulls
  3 sky beasts
  4 black bears (Lair:5)
  19 boggarts
  32 wolves
  8 ogres
  11 centaurs
  An orc skeleton (Vaults:1)
  A lindwurm skeleton (Crypt:2)
  2 slime creature simulacra (IceCv)
  A fire crab zombie (Crypt:2)
  4 kobold brigands
  Blork the orc (D:6)
  A human zombie (Vaults:1)
  18 bullfrogs
  A cane toad simulacrum (D:13)
  4 brain worms
  A two-headed ogre simulacrum (D:13)
  2 earth elementals
  3 necrophages
  A glowing shapeshifter simulacrum (IceCv)
  A gnoll sergeant (D:10)
  A komodo dragon skeleton (Crypt:1)
  4 scorpions
  6 wights
  A killer bee (D:9)
  An elephant simulacrum (D:13)
  6 howler monkeys
  2 electric eels
  A torpor snail simulacrum (Lair:3)
  4 quasits
  2 centaur skeletons
  12 jellies
  16 orc priests
  4 hounds
  Crazy Yiuf (D:2)
  A gnoll bouda (D:6)
  3 sleepcaps
  24 starcursed masses
  3 iguanas
  A human skeleton (Crypt:3)
  21 orc wizards
  2 troll simulacra (D:13)
  3 shapeshifter simulacra (IceCv)
  A hell rat (Lair:5)
  3 wolf simulacra (D:13)
  A tengu zombie (Crypt:3)
  4 mummies (Tomb:1)
  20 gnolls
  10 adders
  4 shadow imps
  A swamp drake skeleton (Crypt:2)
  4 white imps
  6 ufetubi
  A lava snake zombie (Crypt:2)
  4 dart slugs
  A ribbon worm (D:3)
  90 orcs
  A bat zombie (Crypt:1)
  11 endoplasms
  3 giant cockroaches
  27 goblins
  24 hobgoblins
  6 jackals (D:4)
  25 kobolds
  4 quokkas
  4 ball pythons
  2 bats (D:1)
  An endoplasm zombie (Crypt:1)
  5 frilled lizards
  2 gnoll skeletons
  5 rats
  A river rat skeleton (Crypt:1)
  A lurking horror (Abyss:4)
  2 starspawn tentacles
2782 creatures vanquished.

Vanquished Creatures (collateral kills)
  Saint Roka (Orc:2)
  Vashnia (Snake:4)
  A golden dragon (Depths:2)
  Louise (Swamp:2)
  A quicksilver ooze (Slime:5)
  A black draconian (Zot:1)
  A hydra (Lair:4)
  A naga warrior (Snake:2)
  A naga sharpshooter (Snake:4)
  A steelbarb worm (shapeshifter) (Depths:2)
  A naga mage (Snake:2)
  A goblin (Bailey)
12 creatures vanquished.

Vanquished Creatures (others)
  A dread lich (Zot:5)
  A lich (Depths:3)
  A naga sharpshooter (Snake:4)
  2 deep elf knights
  A moth of wrath (Zot:5)
  An unseen horror (shapeshifter) (D:14)
  A bloated husk (Swamp:1)
  A tyrant leech (Swamp:2)
  An orc warrior (Vaults:5)
  A boggart (D:15)
  2 orc wizards
  2 orcs
  31 foxfires
  14 starspawn tentacles
60 creatures vanquished.

Grand Total: 2854 creatures vanquished

Notes
Turn   | Place    | Note
-------+----------+-------------------------------------------
     0 | D:1      | Arcadio the Minotaur Fighter began the quest for the Orb.
     0 | D:1      | Reached XP level 1. HP: 19/19 MP: 0/0
   205 | D:1      | Reached XP level 2. HP: 22/27 MP: 1/1
   427 | D:1      | Found Fahecwus's Armour Emporium.
   910 | D:2      | Reached XP level 3. HP: 33/33 MP: 2/2
  1221 | D:2      | Reached XP level 4. HP: 34/41 MP: 3/3
  1418 | D:2      | Found a runed translucent door.
  1419 | D:2      | Noticed Crazy Yiuf
  1425 | D:2      | Killed Crazy Yiuf
  1776 | D:3      | Reached skill level 5 in Fighting
  1776 | D:3      | Reached skill level 5 in Armour
  1776 | D:3      | Reached XP level 5. HP: 44/48 MP: 4/4
  2253 | D:3      | Found a faded altar of an unknown god.
  2260 | D:3      | Prayed at the altar of an unknown god.
  2260 | D:3      | Became a worshipper of Nemelex Xobeh the Trickster
  2260 | D:3      | Reached * piety under Nemelex Xobeh
  2391 | D:3      | Received a gift from Nemelex Xobeh
  2400 | D:3      | Identified the +5 mace "Sieta" {heavy, SInv}
  2628 | D:4      | Reached ** piety under Nemelex Xobeh
  2632 | D:4      | Reached XP level 6. HP: 48/56 MP: 5/5
  2699 | D:4      | Found a staircase to the Ecumenical Temple.
  2739 | D:4      | Reached skill level 5 in Axes
  2758 | Temple   | Entered the Ecumenical Temple
  2802 | D:4      | Noticed a sky beast
  2811 | D:4      | Killed a sky beast
  3051 | D:4      | Identified the +5 sling "Rileffeaf" {freeze, *Slow rN+
                  | rCorr SInv}
  3202 | D:4      | Reached XP level 7. HP: 63/63 MP: 6/6
  3230 | D:5      | Entered Level 5 of the Dungeon
  3457 | D:5      | Found a shadowy altar of Dithmenos.
  3457 | D:5      | Found a basalt altar of Yredelemnul.
  3457 | D:5      | Found a hide-covered altar of Uskayaw.
  3463 | D:5      | Found an opulent altar of Gozag.
  3468 | D:5      | Found a radiant altar of Vehumet.
  3475 | D:5      | Found a snail-covered altar of Cheibriados.
  3478 | D:5      | Found a burning altar of Makhleb.
  3479 | D:5      | Found a sacrificial altar of Ru.
  3717 | D:5      | Found a blossoming altar of Fedhas.
  4050 | D:6      | Noticed Blork the orc
  4050 | D:6      | Noticed Edmund
  4060 | D:6      | Killed Blork the orc
  4071 | D:6      | Killed Edmund
  4072 | D:6      | Reached XP level 8. HP: 35/73 MP: 7/7
  4329 | D:6      | Noticed Grinder
  4354 | D:6      | Paralysed by Grinder for 5 turns
  4359 | D:6      | Killed Grinder
  4451 | D:6      | Received a gift from Nemelex Xobeh
  4770 | D:6      | Reached XP level 9. HP: 55/83 MP: 8/8
  5135 | D:6      | Reached *** piety under Nemelex Xobeh
  5220 | D:6      | Received a gift from Nemelex Xobeh
  5777 | D:7      | Received a gift from Nemelex Xobeh
  5830 | D:7      | Identified the +10 plate armour of Cocytus {rPois Regen+
                  | Str+2 SInv}
  6223 | D:8      | Reached skill level 10 in Fighting
  6228 | D:8      | Reached skill level 10 in Armour
  6231 | D:8      | Reached skill level 5 in Shields
  6241 | D:8      | Found Cyum's Armour Emporium.
  6265 | D:8      | Found a flagged portal.
  6288 | Bailey   | Entered a bailey
  6309 | Bailey   | Reached skill level 10 in Axes
  6309 | Bailey   | Reached XP level 10. HP: 76/94 MP: 9/9
  6530 | Bailey   | Received a gift from Nemelex Xobeh
  6597 | Bailey   | Noticed an orc warlord
  6629 | Bailey   | Killed an orc warlord
  6696 | Bailey   | Reached **** piety under Nemelex Xobeh
  6873 | D:8      | Bought a +0 pair of boots for 54 gold pieces
  7004 | D:8      | Noticed a two-headed ogre
  7010 | D:8      | Killed a two-headed ogre
  7132 | D:8      | Noticed Gastronok
  7140 | D:8      | Killed Gastronok
  7141 | D:8      | Reached XP level 11. HP: 102/104 MP: 12/12
  7165 | D:8      | Received a gift from Nemelex Xobeh
  7316 | D:9      | Noticed Maurice
  7337 | D:9      | Killed Maurice
  7574 | D:9      | Noticed a two-headed ogre
  7591 | D:9      | Killed a two-headed ogre
  7955 | D:9      | Received a gift from Nemelex Xobeh
  7979 | D:10     | Entered Level 10 of the Dungeon
  8096 | D:10     | Reached skill level 5 in Invocations
  8100 | D:10     | Found a staircase to the Lair.
  8934 | D:11     | Received a gift from Nemelex Xobeh
  8985 | D:11     | Reached ***** piety under Nemelex Xobeh
  9086 | D:11     | Found Munupn's Weapon Shoppe.
  9110 | D:11     | Found Bannuosu's Magic Scroll Emporium.
  9149 | D:11     | Noticed a boulder beetle
  9157 | D:11     | Killed a boulder beetle
  9228 | D:11     | Noticed a two-headed ogre
  9237 | D:11     | Killed a two-headed ogre
  9292 | D:11     | Noticed a two-headed ogre
  9416 | D:11     | Noticed a boulder beetle
  9433 | D:11     | Killed a two-headed ogre
  9434 | D:11     | Reached XP level 12. HP: 100/115 MP: 15/15
  9449 | D:11     | Noticed a two-headed ogre
  9456 | D:11     | Killed a boulder beetle
  9459 | D:11     | Killed a two-headed ogre
  9462 | D:11     | Found a staircase to the Orcish Mines.
  9519 | D:11     | Received a gift from Nemelex Xobeh
  9611 | D:11     | Bought a scroll of enchant weapon for 97 gold pieces
  9611 | D:11     | Bought a scroll of identify for 26 gold pieces
  9611 | D:11     | Bought a scroll of fog for 52 gold pieces
  9611 | D:11     | Bought a scroll of enchant armour for 97 gold pieces
  9704 | D:11     | Noticed a two-headed ogre
  9711 | D:11     | Killed a two-headed ogre
  9788 | D:11     | Found Tax Qariula's Distillery.
  9788 | D:11     | Received a gift from Nemelex Xobeh
  9803 | D:11     | Bought a potion of heal wounds for 70 gold pieces
  9803 | D:11     | Bought 2 potions of heal wounds for 140 gold pieces
  9803 | D:11     | Bought a potion of heal wounds for 70 gold pieces
  9803 | D:11     | Bought a potion of berserk rage for 70 gold pieces
  9947 | Orc:1    | Entered Level 1 of the Orcish Mines
  9981 | Orc:1    | Noticed Urug
  9995 | Orc:1    | Killed Urug
 10256 | Orc:2    | Entered Level 2 of the Orcish Mines
 10256 | Orc:2    | Noticed Saint Roka
 10256 | Orc:2    | Noticed Donald
 10256 | Orc:2    | Found Buishyo's Distillery.
 10562 | Lair:1   | Entered Level 1 of the Lair of Beasts
 10655 | Lair:1   | Found a transporter.
 10661 | Lair:1   | Noticed Bauqient's ghost (journeyman MfSu)
 10828 | Lair:1   | Noticed Maggie
 10837 | Lair:1   | Killed Maggie
 11133 | Lair:1   | Found a transporter.
 11230 | Lair:1   | Reached XP level 13. HP: 97/125 MP: 18/18
 11230 | Lair:1   | Killed Bauqient's ghost
 11234 | Lair:1   | Identified the +2 pair of gloves of the Trout {rCorr}
 11240 | Lair:1   | Identified the staff of Xotzug Kora {rElec rN+ Str+4 Dex+4
                  | Necro Alchemy}
 11299 | Lair:2   | Received a gift from Nemelex Xobeh
 11633 | Lair:2   | Found a dark tunnel.
 11646 | Volcano  | Entered a volcano
 11740 | Volcano  | Received a gift from Nemelex Xobeh
 11800 | Volcano  | Reached skill level 15 in Fighting
 11806 | Volcano  | Reached skill level 15 in Armour
 11832 | Volcano  | Noticed a fire dragon
 11851 | Volcano  | Killed a fire dragon
 11908 | Volcano  | Reached skill level 15 in Axes
 11908 | Volcano  | Reached skill level 10 in Invocations
 11908 | Volcano  | Reached XP level 14. HP: 135/135 MP: 20/20
 11979 | Lair:2   | Found a staircase to the Snake Pit.
 12378 | Lair:3   | Received a gift from Nemelex Xobeh
 12489 | Lair:3   | Received a gift from Nemelex Xobeh
 12670 | Lair:3   | Found a runed translucent gate.
 12670 | Lair:3   | Found a runed translucent gate.
 12671 | Lair:3   | Found a runed translucent gate.
 12683 | Lair:3   | Noticed Foabaekk's ghost (journeyman GrMo)
 12701 | Lair:3   | Found a staircase to the Swamp.
 12857 | Lair:3   | Noticed Fannar
 12870 | Lair:3   | Killed Fannar
 13034 | Lair:2   | Killed Foabaekk's ghost
 13243 | Lair:4   | Found a staircase to the Slime Pits.
 13326 | Lair:4   | Received a gift from Nemelex Xobeh
 13338 | Slime:1  | Entered Level 1 of the Pits of Slime
 13347 | Slime:1  | Noticed a quicksilver ooze
 13364 | Lair:4   | Killed a quicksilver ooze
 13365 | Lair:4   | Reached XP level 15. HP: 126/144 MP: 12/21
 13597 | Lair:4   | Reached ****** piety under Nemelex Xobeh
 13899 | Lair:5   | Entered Level 5 of the Lair of Beasts
 14039 | Lair:5   | Received a gift from Nemelex Xobeh
 14163 | Lair:5   | Reached skill level 10 in Shields
 14356 | Lair:5   | Received a gift from Nemelex Xobeh
 14585 | Lair:5   | Received a gift from Nemelex Xobeh
 14669 | Lair:5   | Got an earthy gem with 19 turns to spare
 15415 | Orc:1    | Killed Donald
 15608 | Orc:2    | Identified the +0 quarterstaff of Hideaxt {freeze, rF++}
 15620 | Orc:2    | Killed Saint Roka
 15764 | Orc:2    | Found a staircase to the Elven Halls.
 15856 | Orc:2    | Noticed Jorgrun
 15870 | Orc:2    | Killed Jorgrun
 15978 | Orc:2    | Received a gift from Nemelex Xobeh
 16031 | Orc:2    | Found Amutup's General Store.
 16033 | Orc:2    | Paralysed by an orc sorcerer for 5 turns
 16043 | Orc:2    | Paralysed by an orc sorcerer for 5 turns
 16053 | Orc:2    | Noticed Sonja
 16175 | Orc:2    | Killed Sonja
 16306 | Orc:2    | Found Calef's Antique Armour Boutique.
 16330 | Orc:2    | Found Geal's Book Emporium.
 16337 | Orc:2    | Found Geir's Antique Weapon Emporium.
 16353 | Orc:2    | Bought a potion of might for 56 gold pieces
 16353 | Orc:2    | Bought a scroll of identify for 28 gold pieces
 16353 | Orc:2    | Bought a potion of might for 56 gold pieces
 16353 | Orc:2    | Bought a scroll of teleportation for 42 gold pieces
 16412 | Orc:2    | Bought a potion of might for 72 gold pieces
 16412 | Orc:2    | Bought 2 potions of resistance for 360 gold pieces
 16412 | Orc:2    | Bought a potion of curing for 54 gold pieces
 16412 | Orc:2    | Bought a potion of berserk rage for 90 gold pieces
 16412 | Orc:2    | Bought a potion of curing for 54 gold pieces
 16412 | Orc:2    | Bought a potion of haste for 180 gold pieces
 16412 | Orc:2    | Bought a potion of cancellation for 144 gold pieces
 16489 | D:12     | Reached XP level 16. HP: 156/156 MP: 22/22
 16586 | D:12     | You are sucked into a shaft and drop 1 floor!
 16689 | D:13     | Received a gift from Nemelex Xobeh
 16828 | D:13     | Found Buxaq's Serpentskin Sales.
 16836 | D:13     | Bought a scroll of poison for 52 gold pieces
 17044 | D:13     | Found a frozen archway.
 17054 | IceCv    | Entered an ice cave
 17199 | IceCv    | Received a gift from Nemelex Xobeh
 17277 | IceCv    | Found a viscous altar of Jiyva.
 17299 | IceCv    | Identified the amulet "Munorghuv" {Reflect *Corrode rElec
                  | rF+ Str+3 SH+5}
 17303 | IceCv    | Got the Cyclopedia of Bones and Anathema
 17304 | IceCv    | Identified the ring "Ygomitua" {rF+ rCorr MP+9 Str+3}
 17659 | D:14     | Received a gift from Nemelex Xobeh
 17993 | D:14     | Received a gift from Nemelex Xobeh
 18446 | D:14     | Found a gate to the Vaults.
 18767 | D:15     | Entered Level 15 of the Dungeon
 18776 | D:15     | Reached skill level 15 in Shields
 18847 | D:15     | Received a gift from Nemelex Xobeh
 19305 | D:15     | Found a staircase to the Depths.
 19546 | D:15     | Received a gift from Nemelex Xobeh
 19803 | Snake:1  | Entered Level 1 of the Snake Pit
 20180 | Snake:1  | Found a large runed translucent door.
 20181 | Snake:1  | Found a large runed translucent door.
 20183 | Snake:1  | Noticed Akuuror's ghost (adept GrFi)
 20203 | Snake:1  | Received a gift from Nemelex Xobeh
 20220 | Snake:1  | Reached XP level 17. HP: 155/166 MP: 23/23
 20780 | Snake:1  | Received a gift from Nemelex Xobeh
 21054 | Snake:1  | Killed Akuuror's ghost
 21113 | Snake:2  | Noticed Agnes
 21117 | Snake:2  | Noticed Azrael
 21120 | Snake:2  | Killed Azrael
 21123 | Snake:2  | Killed Agnes
 21241 | Snake:2  | Received a gift from Nemelex Xobeh
 21807 | Snake:2  | Identified the +5 ring mail of Nemelex Xobeh's Regard
                  | {rF++}
 22384 | Snake:3  | Noticed puimuR's ghost (adept HORe)
 22426 | Snake:3  | Found a bloodstained altar of Trog.
 22426 | Snake:3  | Found a transporter.
 22444 | Snake:3  | Found a transporter.
 22546 | Snake:3  | Noticed Asterion
 22553 | Snake:3  | Asterion changed into Asterion the torpor snail
 22553 | Snake:3  | Noticed Asterion
 22764 | Snake:3  | Killed Asterion the torpor snail
 22777 | Snake:3  | Found Qunip's Distillery.
 22785 | Snake:3  | Bought a potion of lignification for 36 gold pieces
 22785 | Snake:3  | Bought a potion of curing for 36 gold pieces
 22785 | Snake:3  | Bought a potion of lignification for 36 gold pieces
 22785 | Snake:3  | Bought a potion of might for 48 gold pieces
 22785 | Snake:3  | Bought a potion of lignification for 36 gold pieces
 22785 | Snake:3  | Bought a potion of curing for 36 gold pieces
 22785 | Snake:3  | Bought a potion of curing for 36 gold pieces
 22993 | Snake:3  | Identified the +6 flail of Wauloyguag {spect, Will++ Str+6
                  | Dex-2}
 23064 | Snake:4  | Entered Level 4 of the Snake Pit
 23064 | Snake:4  | Received a gift from Nemelex Xobeh
 23064 | Snake:4  | Found Cuintis's General Store.
 23152 | Snake:4  | Bought a scroll of enchant armour for 165 gold pieces
 23420 | Snake:4  | Noticed sleeves's ghost (adept BaSu)
 23502 | Snake:4  | Found a runed translucent gate.
 23502 | Snake:4  | Found a runed translucent gate.
 23503 | Snake:4  | Found a runed translucent gate.
 23652 | Snake:4  | Noticed Vashnia
 23797 | Snake:4  | Killed Vashnia
 24120 | Snake:4  | Reached XP level 18. HP: 176/178 MP: 24/24
 24615 | Snake:4  | Received a gift from Nemelex Xobeh
 25037 | Snake:4  | Got a serpentine rune of Zot
 25410 | Swamp:1  | Entered Level 1 of the Swamp
 25439 | Swamp:1  | Received a gift from Nemelex Xobeh
 25707 | Swamp:1  | Found a runed translucent door.
 25713 | Swamp:1  | Found a shimmering altar of Xom.
 25713 | Swamp:1  | Noticed Raspi's ghost (adept OnBe)
 26039 | Swamp:1  | Killed Raspi's ghost
 26041 | Swamp:1  | Identified the ring of Baulaxuul {rC- Will+ Str+3 Dex+3}
 26200 | Swamp:2  | Received a gift from Nemelex Xobeh
 26293 | Swamp:2  | Noticed Louise
 26305 | Swamp:2  | Killed Louise
 27033 | Swamp:3  | Received a gift from Nemelex Xobeh
 27248 | Swamp:3  | Identified 2 scrolls of acquirement
 27252 | Swamp:3  | Acquired 1113 gold pieces
 27256 | Swamp:3  | Acquired a manual of Shields
 27526 | Swamp:4  | Entered Level 4 of the Swamp
 27536 | Swamp:4  | Received a gift from Nemelex Xobeh
 27758 | Swamp:4  | Reached XP level 19. HP: 90/189 MP: 26/26
 27922 | Swamp:4  | Got a decaying rune of Zot
 28430 | Vaults:1 | Entered Level 1 of the Vaults
 29141 | Vaults:1 | Received a gift from Nemelex Xobeh
 29536 | Vaults:1 | Received a gift from Nemelex Xobeh
 30015 | Vaults:2 | Found a staircase to the Crypt.
 30034 | Crypt:1  | Entered Level 1 of the Crypt
 30400 | Vaults:2 | Received a gift from Nemelex Xobeh
 30671 | Vaults:2 | Reached XP level 20. HP: 180/200 MP: 28/28
 30807 | Vaults:2 | Received a gift from Nemelex Xobeh
 31259 | Vaults:3 | Noticed an ancient lich
 31610 | Vaults:3 | Paralysed by a formless jellyfish for 1 turns
 31752 | Vaults:3 | Killed an ancient lich
 31901 | Vaults:3 | Received a gift from Nemelex Xobeh
 32600 | Vaults:4 | Received a gift from Nemelex Xobeh
 32696 | Vaults:4 | Identified the +2 pair of gloves of Cocytus {rElec rC-
                  | Dex+3}
 32793 | Vaults:4 | Found a portal to a secret trove of treasure.
 33809 | Slime:1  | Reached XP level 21. HP: 210/210 MP: 30/30
 33883 | Slime:1  | Received a gift from Nemelex Xobeh
 34505 | Slime:3  | Received a gift from Nemelex Xobeh
 34777 | Slime:3  | Gained mutation: Armour fits poorly on your strangely
                  | shaped body. [a shining eye]
 34778 | Slime:3  | Gained mutation: Your body sometimes deteriorates upon
                  | taking damage. [a shining eye]
 35038 | Slime:3  | Received a gift from Nemelex Xobeh
 35451 | Slime:5  | Entered Level 5 of the Pits of Slime
 35832 | Slime:5  | Lost mutation: Your body sometimes deteriorates upon taking
                  | damage. [potion of mutation]
 35832 | Slime:5  | Lost mutation: Armour fits poorly on your strangely shaped
                  | body. [potion of mutation]
 35832 | Slime:5  | Gained mutation: You have supernaturally acute eyesight.
                  | (SInv) [potion of mutation]
 35867 | Slime:5  | Gained mutation: Your movements are slightly less
                  | encumbered by armour. (ER -2) [a shining eye]
 35885 | Slime:5  | Received a gift from Nemelex Xobeh
 36215 | Slime:5  | Paralysed by a formless jellyfish for 1 turns
 36387 | Slime:5  | Found a viscous altar of Jiyva.
 36388 | Slime:5  | Gained mutation: You are dopey. (Int -2) [a shining eye]
 36390 | Slime:5  | Noticed the Royal Jelly
 36406 | Slime:5  | HP: 3/211 [azure jelly[the Royal Jelly] (8)]
 36596 | Slime:5  | Killed the Royal Jelly
 36812 | Slime:5  | Found the +6 lightning scales {swift, rElec}
 36824 | Slime:5  | Got a slimy rune of Zot
 36825 | Slime:5  | Identified the +0 leather armour "Fihompe" {rPois Int+3}
 36834 | Slime:5  | Received a gift from Nemelex Xobeh
 36845 | Slime:5  | Identified the +6 scale mail of Sunlight {rF+ rC- Dex+7
                  | Slay-3}
 36867 | Slime:5  | Identified the +4 plate armour "Lyewal" {rElec Int+3}
 36871 | Slime:5  | Identified the +2 robe of Thoughtfulness {Rampage Int+2}
 36879 | Slime:5  | Identified the +1 short sword "Telorrag" {drain, rElec
                  | rPois rN+}
 36894 | Slime:5  | Identified the +4 scale mail of the Stallion {rElec Dex-5
                  | SInv}
 37574 | Depths:1 | Entered Level 1 of the Depths
 37713 | Depths:1 | Found a glowing golden altar of the Shining One.
 37887 | Depths:1 | Found a gateway to Hell.
 37900 | Depths:1 | Received a gift from Nemelex Xobeh
 38016 | Depths:1 | Found Beuv's Book Emporium.
 38016 | Depths:1 | Found Bul Jeam's Jewellery Boutique.
 38017 | Depths:1 | Found Bonu Gei's Jewellery Boutique.
 38093 | Depths:1 | Received a gift from Nemelex Xobeh
 38229 | Depths:1 | Reached XP level 22. HP: 208/221 MP: 32/32
 38823 | Depths:2 | Identified the +0 chain mail "Fyilonn" {Slay+5 SInv}
 38946 | Depths:2 | Found a one-way gate leading to the halls of Pandemonium.
 38948 | Depths:2 | Noticed a juggernaut
 38958 | Depths:2 | Killed a juggernaut
 39025 | Depths:2 | Received a gift from Nemelex Xobeh
 39137 | Depths:2 | Reached skill level 15 in Invocations
 39519 | Depths:2 | Noticed a golden dragon
 39532 | Depths:2 | Killed a golden dragon
 39598 | Depths:2 | Identified the staff "Ynuaru" {+Blink rC+ rN+ Int+4 Ice}
 39653 | Depths:2 | Identified the +2 buckler of the Morning {*Slow +Blink
                  | rPois rF+}
 39680 | Depths:2 | Noticed a juggernaut
 39695 | Depths:2 | Killed a juggernaut
 39926 | Depths:2 | Got the Quarto of Adjuration
 40565 | Depths:3 | Found a one-way gate to the infinite horrors of the Abyss.
 40588 | Depths:3 | Identified the +0 cloak "Uceladd" {Harm rElec rCorr Int-5}
 40646 | Depths:3 | Received a gift from Nemelex Xobeh
 41040 | Depths:3 | Reached XP level 23. HP: 232/232 MP: 33/33
 41108 | Depths:3 | Noticed lmSkywalker's ghost (adept DrSh)
 41114 | Depths:3 | Found a runed translucent door.
 41198 | Depths:3 | Killed lmSkywalker's ghost
 41215 | Depths:3 | Identified the +0 hat of Tuor {Will- Regen+ MP+9 Stlth-}
 41436 | Depths:4 | Entered Level 4 of the Depths
 41436 | Depths:4 | Noticed Sojobo
 41453 | Depths:4 | Killed Sojobo
 41608 | Depths:4 | Received a gift from Nemelex Xobeh
 41714 | Depths:4 | Noticed Parghit
 41780 | Depths:4 | Killed Parghit
 41891 | Depths:4 | Found a gate to the Realm of Zot.
 42127 | Depths:4 | Found a one-way gateway to a ziggurat.
 43070 | Zot:1    | Entered Level 1 of the Realm of Zot
 43485 | Depths:4 | Upgraded the game from 0.31.0-2-g5a2aebc5c2 to
                  | 0.31.0-4-g52a2dc7128
 44136 | Zot:1    | Received a gift from Nemelex Xobeh
 44554 | Elf:1    | Entered Level 1 of the Elven Halls
 45240 | Elf:1    | Received a gift from Nemelex Xobeh
 45373 | Elf:1    | You fall into a shaft and drop 1 floor!
 45467 | Elf:2    | Found a runed translucent gate.
 45467 | Elf:2    | Found a runed translucent gate.
 45467 | Elf:2    | Found a runed translucent gate.
 45527 | Elf:2    | Received a gift from Nemelex Xobeh
 45539 | Elf:2    | Noticed Zenata
 45565 | Elf:2    | Killed Zenata
 45781 | Elf:2    | Found Tiobironk's Weapon Emporium.
 46128 | Elf:2    | Paralysed by an air elemental for 1 turns
 46142 | Elf:2    | Reached XP level 24. HP: 193/243 MP: 34/34
 46225 | Elf:2    | Received a gift from Nemelex Xobeh
 46582 | Elf:3    | Entered Level 3 of the Elven Halls
 47466 | Elf:3    | Identified the +3 leather armour "Utsegoiti" {Will- Int+4}
 47466 | Elf:3    | Identified the ring of Mistrust {Fire Str+2 Dex+3}
 47533 | Elf:3    | Identified the amulet of Aqyosied {Acrobat *Slow Will+++
                  | Str+4}
 47637 | Elf:3    | Received a gift from Nemelex Xobeh
 47944 | Elf:3    | Identified the +7 longbow of Gepecitz {flame, rElec rC+
                  | Will+}
 47975 | Elf:3    | Identified the staff of the Countless Mice {rPois rN+
                  | Stlth+ Necro Fire}
 48251 | Elf:3    | Found Ymim's Firing Range.
 48488 | Elf:3    | Received a gift from Nemelex Xobeh
 48838 | Depths:1 | Bought the ring of the Establishment {rElec rN+ Will+
                  | Dex+4} for 960 gold pieces
 49425 | Crypt:1  | You fall into a shaft and drop 1 floor!
 49642 | Crypt:1  | Received a gift from Nemelex Xobeh
 49952 | Crypt:2  | Received a gift from Nemelex Xobeh
 50376 | Crypt:3  | Entered Level 3 of the Crypt
 51209 | Crypt:3  | Found a staircase to the Tomb.
 51219 | Tomb:1   | Entered Level 1 of the Tomb of the Ancients
 51324 | Tomb:1   | Received a gift from Nemelex Xobeh
 51677 | Crypt:3  | Reached XP level 25. HP: 246/249 MP: 35/35
 51945 | Crypt:3  | Noticed an ancient lich
 51945 | Crypt:3  | Noticed a dread lich
 51951 | Crypt:3  | Noticed an ancient lich
 51979 | Crypt:3  | Killed an ancient lich
 51984 | Crypt:3  | Killed an ancient lich
 51987 | Crypt:3  | Killed a dread lich
 52072 | Crypt:3  | Got the Omnibus of Exhumation
 52373 | Vaults:5 | Entered Level 5 of the Vaults
 52375 | Vaults:5 | Identified the orb "Morchyis" {*channel, Dex+3}
 52375 | Vaults:5 | Noticed Frederick
 52713 | Vaults:5 | Noticed a dread lich
 52738 | Vaults:4 | Killed a dread lich
 52867 | Vaults:5 | Identified the ring of Ibempam {rElec Will- AC+4 Int+4}
 52937 | Vaults:4 | Killed Frederick
 53237 | Vaults:5 | Noticed Jory
 53462 | Vaults:5 | Killed Jory
 53463 | Vaults:5 | Reached skill level 27 in Armour
 53496 | Vaults:5 | Reached skill level 27 in Fighting
 53711 | Vaults:5 | Reached skill level 27 in Axes
 53814 | Vaults:5 | Found the +8 orange crystal plate armour {Archmagi, Int+3
                  | Clar}
 53890 | Vaults:5 | Received a gift from Nemelex Xobeh
 54391 | Vaults:5 | Received a gift from Nemelex Xobeh
 54425 | Vaults:5 | Got a silver rune of Zot
 54561 | Vaults:5 | Found Qytar's Jewellery Shop.
 55058 | Hell     | Entered the Vestibule of Hell
 55059 | Hell     | Noticed Geryon
 55254 | Zot:1    | Received a gift from Nemelex Xobeh
 55665 | Zot:1    | Received a gift from Nemelex Xobeh
 56347 | Zot:2    | Reached XP level 26. HP: 244/266 MP: 3/36
 56672 | Zot:2    | Received a gift from Nemelex Xobeh
 56950 | Zot:2    | Noticed Vv
 56959 | Zot:2    | Received a gift from Nemelex Xobeh
 56969 | Zot:2    | Killed Vv
 58114 | Zot:3    | Noticed an orb of fire
 58448 | Depths:3 | Voluntarily entered the Abyss.
 58478 | Abyss:1  | Found a corrupted altar of Lugonu.
 58519 | Abyss:1  | Received a gift from Nemelex Xobeh
 59022 | Abyss:2  | Received a gift from Nemelex Xobeh
 59104 | Abyss:4  | Found a corrupted altar of Lugonu.
 59134 | Abyss:4  | Found a corrupted altar of Lugonu.
 59136 | Abyss:4  | Gained mutation: You occasionally lose the ability to read
                  | scrolls when taking damage. [a neqoxec]
 59231 | Depths:3 | Escaped the Abyss
 59307 | Depths:3 | Lost mutation: You occasionally lose the ability to read
                  | scrolls when taking damage. [potion of mutation]
 59307 | Depths:3 | Lost mutation: You are dopey. (Int -2) [potion of mutation]
 59307 | Depths:3 | Lost mutation: Your movements are slightly less encumbered
                  | by armour. (ER -2) [potion of mutation]
 59307 | Depths:3 | Gained mutation: Your mind is acute. (Int +4, Str/Dex -1)
                  | [potion of mutation]
 59310 | Depths:3 | Voluntarily entered the Abyss.
 59386 | Abyss:4  | Received a gift from Nemelex Xobeh
 59406 | Depths:3 | Escaped the Abyss
 59433 | Depths:3 | Voluntarily entered the Abyss.
 59433 | Abyss:4  | Found a corrupted altar of Lugonu.
 59514 | Abyss:4  | Paralysed by accursed screaming for 1 turns
 59611 | Abyss:4  | Paralysed by accursed screaming for 2 turns
 59693 | Abyss:4  | Got an abyssal rune of Zot
 59737 | Depths:3 | Escaped the Abyss
 60096 | Zot:3    | Gained mutation: You are frail. (-10% HP) [an orb of fire]
 60097 | Zot:3    | Gained mutation: You are very frail. (-20% HP) [an orb of
                  | fire]
 60102 | Zot:3    | Gained mutation: Your spells are a little easier to cast,
                  | but a little less powerful. [an orb of fire]
 60106 | Zot:3    | Gained mutation: You expend magic power (3 MP) to
                  | strengthen your wands. [an orb of fire]
 60111 | Zot:3    | Gained mutation: You sometimes lose your temper in combat.
                  | [an orb of fire]
 60114 | Zot:3    | Killed an orb of fire
 60360 | Zot:3    | Received a gift from Nemelex Xobeh
 61089 | Zig:1    | Entered Level 1 of a ziggurat
 61163 | Zig:2    | Entered Level 2 of a ziggurat
 61194 | Zig:3    | Entered Level 3 of a ziggurat
 61328 | Zig:4    | Entered Level 4 of a ziggurat
 61383 | Zig:4    | Identified the +10 plate armour of Kastryneo {rF+ Str-3
                  | Int+4}
 61385 | Zig:5    | Entered Level 5 of a ziggurat
 61390 | Zig:5    | Noticed an ancient lich
 61406 | Zig:5    | Killed an ancient lich
 61434 | Zig:6    | Entered Level 6 of a ziggurat
 61886 | Zot:4    | Reached XP level 27. HP: 218/218 MP: 38/38
 62499 | Zot:4    | Received a gift from Nemelex Xobeh
 63195 | Zot:5    | Entered Level 5 of the Realm of Zot
 63659 | Zot:4    | Reached skill level 1 in Dodging
 64117 | Zot:5    | Reached skill level 5 in Dodging
 64127 | Zot:5    | Noticed an ancient lich
 64129 | Zot:5    | Noticed a dread lich
 64140 | Zot:5    | Killed an ancient lich
 64140 | Zot:5    | Noticed an ancient lich
 64150 | Zot:5    | Noticed an orb of fire
 64151 | Zot:5    | Killed a dread lich
 64154 | Zot:5    | Gained mutation: Your health recovers twice as slowly from
                  | being drained. [mutagenic glow]
 64156 | Zot:5    | Killed an ancient lich
 64159 | Zot:5    | Gained mutation: You are weak. (Str -2) [an orb of fire]
 64162 | Zot:5    | Gained mutation: Armour fits poorly on your strangely
                  | shaped body. [an orb of fire]
 64170 | Zot:5    | Gained mutation: Your spells are easier to cast, but less
                  | powerful. [mutagenic glow]
 64205 | Zot:4    | Gained mutation: You have an uncontrollable temper.
                  | [mutagenic glow]
 64251 | Zot:5    | Killed an orb of fire
 64414 | Zot:5    | Received a gift from Nemelex Xobeh
 64432 | Zot:5    | Reached skill level 10 in Dodging
 64497 | Zot:5    | Reached skill level 27 in Shields
 64499 | Zot:5    | Noticed a dread lich
 64500 | Zot:5    | Noticed an ancient lich
 64501 | Zot:5    | Noticed an orb of fire
 64511 | Zot:5    | Noticed an ancient lich
 64516 | Zot:5    | HP: 5/218 [ancient lich/crystal spear (105)]
 64787 | Zot:4    | Gained mutation: You are vulnerable to heat. (rF-) [an orb
                  | of fire]
 64792 | Zot:4    | Killed an orb of fire
 65148 | Zot:4    | Killed an ancient lich
 65169 | Zot:5    | Killed an ancient lich
 65233 | Zot:5    | Killed a dread lich
 65237 | Zot:5    | Reached skill level 15 in Dodging
 65357 | Zot:5    | Noticed a dread lich
 65372 | Zot:5    | Killed a dread lich
 65554 | Zot:5    | Got the Verses on Synthesis
 65582 | Zot:5    | Received a gift from Nemelex Xobeh
 66083 | Zot:5    | Got the Orb of Zot
 66110 | Zot:5    | Gained mutation: You are clumsy. (Dex -2) [a neqoxec]
 66111 | Zot:5    | Gained mutation: You are extremely frail. (-30% HP) [a
                  | neqoxec]
 66142 | Zot:5    | Gained mutation: You are very weak. (Str -4) [mutagenic
                  | glow]
 66562 | D:8      | Noticed Faalie the pandemonium lord
 66750 | D:$      | Escaped with the Orb!

Illustrated notes

Levels and vault maps discovered:
D:1:      eino_arrival_water_star, layout_loops_corners, serial_shops,
          nicolae_shop_pleasant_corner_grove, grunt_decor_mini_mirrors
D:2:      layout_basic, minmay_tripent, uniq_crazy_yiuf_cottage
D:3:      layout_rooms, dilly_ecumenical_altar_fadedgnrine,
          serial_bayou_lagoon_a, chequers_serial_rivers_small_a,
          minmay_increasing_density
D:4:      layout_basic, minmay_temple_entry_mini_moons, nrook_mini_vaults,
          kennysheep_generic_room_11
D:5:      layout_basic, kennysheep_mini_moat,
          nicolae_overflow_hallway_of_the_gods, hangedman_decor_growths
D:6:      layout_loops_ring, chequers_serial_rivers_small_b, minmay_bent,
          uniq_blork_the_orc, uniq_edmund, uniq_grinder
D:7:      layout_gridville, serial_demonic, serial_demonic_g, serial_demonic_d,
          serial_demonic_e, serial_demonic_e
D:8:      layout_basic, serial_shops, nicolae_shop_stone, enter_bailey_5,
          uniq_gastronok
D:9:      layout_roguey, kennysheep_generic_room_15, uniq_maurice
D:10:     layout_basic, erik_lair_dragon, nicolae_zig_zag_zippers
D:11:     layout_irregular_city, orc_0_dummy, serial_shops,
          nicolae_shop_window_shopping, shop, nicolae_shop_just_a_little_nook
D:12:     layout_small_grid, argonaut_gorgonesque
D:13:     layout_big_octagon, portal_ice_cave_entry_ice_simulacra,
          guppyfry_shop_venom
D:14:     hangedman_arrow_trap, layout_basic, david_vaults_4, nicolae_titane
D:15:     hellmonk_depths_entry_around_the_bend, layout_loops_cross,
          chequers_serial_rivers_marsh
Temple:   hellmonk_temple_forest_ring
Lair:1:   layout_loops_ring, gammafunk_ghost_berserking_beasts, uniq_maggie
Lair:2:   layout_regular_city, dummy_snake_entry, enter_volcano_1,
          lemuel_fruit_fields
Lair:3:   layout_misc_corridors, minmay_swamp_entry_swarm,
          gammafunk_ghost_necromancy, beast_lair_carwin_1, serial_bayou_shore_a,
          uniq_fannar
Lair:4:   layout_roguey, minmay_slime_entry_jelly_boxes,
          chequers_serial_rivers_marsh
Lair:5:   minmay_lair_end_enchanted_forest, layout_hall_layers, evilmike_ambush
          [evilmike_ambush_outer_basic, evilmike_ambush_inner_cross]
Swamp:1:  layout_basic_swamp, ebering_ghost_xom, evilmike_swamp_ruin_house_1,
          swamp_pool_4, nicolae_swamp_spriggan_camp
Swamp:2:  layout_falls_marsh, nicolae_swamp_ascending_descending_big,
          uniq_louise
Swamp:3:  layout_basic_swamp, evilmike_swamp_ruin_house_6
Swamp:4:  swamp_alternative, layout_basic_swamp
Snake:1:  layout_layer_cave, ebering_ghost_disaster_area, grunt_megastairs_2
Snake:2:  layout_onion_interference, special_room, nicolae_snake_biting_tails,
          nicolae_snake_round_shape_thing, evilmike_ambush
          [evilmike_ambush_outer_doors, evilmike_ambush_inner_wall_2],
          uniq_azrael, uniq_agnes
Snake:3:  layout_misc_corridors, gammafunk_ghost_wrathful_warriors,
          serial_shops, nicolae_shop_tiny_statue_garden, uniq_asterion
Snake:4:  johnstein_snake_rune_scales, layout_misc_corridors, serial_shops,
          shop_fountains, gammafunk_ghost_split,
          nicolae_snake_gridmaze_entwining, uniq_vashnia
Slime:1:  layout_caves
Slime:2:  layout_caves, cheibrodos_slime_lost_civilization_5
Slime:3:  layout_caves
Slime:4:  layout_caves
Slime:5:  slime_pit_nicolae_royal_road_to_ruin
Orc:1:    layout_diamond_mine, uniq_urug
Orc:2:    st_orc_elflike, layout_caves, basic_altar, serial_shops, shop,
          uniq_saint_roka, uniq_sonja, uniq_jorgrun, uniq_donald
Elf:1:    layout_loops_corners, nicolae_elf_blasts_and_bolts
Elf:2:    nicolae_elf_blades_splatter_lattice [nooodl_blade_entry_preview],
          layout_loops_cross, serial_shops, nicolae_stop_n_shop_2, uniq_zenata
Elf:3:    minmay_elf_hall_four_x, layout_geoelf_octagon,
          nicolae_shop_firing_range
Vaults:1: nicolae_vaults_octagons, v_pattern_5, v_misc_5, v_misc_3,
          nicolae_vaults_trapezoid_lopsided_4, nicolae_vaults_puzzle_piece,
          nicolae_vaults_house_2, nicolae_vaults_oval_intersection,
          ontoclasm_vaults_spin, v_alt_pattern_1, nicolae_vaults_six-pack,
          grunt_vaults_diagonal, ontoclasm_vaults_loading_screen,
          layout_vaults_big_cross
Vaults:2: vaults_dpeg_doors, vaults_dpeg_spiral, v_misc_19, v_misc_9,
          minmay_crypt_entry_simple_statues, nicolae_vaults_angled_halls,
          hangedman_vaults_restitches, nicolae_vaults_network_quinsquares
          [nicolae_vaults_network_quincunx_subvault,
          nicolae_vaults_network_quincunx_subvault,
          nicolae_vaults_network_quincunx_subvault,
          nicolae_vaults_network_quincunx_subvault],
          nicolae_vaults_tetromino_T_1, layout_vaults_omnigrid
Vaults:3: nicolae_vaults_little_squares_4, nicolae_vaults_cochlea, v_pattern_2,
          vaults_dpeg_ring, nicolae_vaults_inception_corners,
          hangedman_vaults_river_flow, st_octagons_2, vaults_dpeg_hooks,
          nicolae_vaults_double_plus_2, nicolae_vaults_double_plus_3,
          nicolae_vaults_mini_display_case, nicolae_vaults_double_plus_2,
          nicolae_vaults_theta, layout_vaults_maze_bifur
Vaults:4: nicolae_vaults_six-pack, v_pattern_1, ontoclasm_vaults_pinch,
          nicolae_vaults_tetromino_T_1, hangedman_vaults_pinch,
          nicolae_vaults_oval_intersection, v_misc_30, vaults_room_semicircle,
          hangedman_vaults_snaps, serial_ice_h, nicolae_vaults_trapezoid_1,
          v_misc_25, nicolae_vaults_closet_pinwheel_2,
          nicolae_vaults_trapezoid_lopsided_3, layout_vaults_ring, enter_trove_0
Vaults:5: uniq_jory, uniq_frederick
Crypt:1:  layout_chaotic_city
Crypt:2:  layout_chaotic_city, roderic_lattice_octagonal_star
Crypt:3:  david_glass_crypt, layout_chaotic_city, skrybe_necro_troll_2
Tomb:1
Depths:1: layout_gridlike, pf_vacation_house_of_asmodeus,
          corexii_leaking_fountain, tso_metal_star, minmay_shop_grove,
          infiniplex_staircase_pool_lava
Depths:2: grunt_twisty_corner, layout_gridlike, hell_entry,
          nicolae_eternal_life, pan_entry, kennysheep_underground_church,
          infiniplex_staircase_pillars_2
Depths:3: kennysheep_spiral_hall, layout_basic, serial_sigils_hangedman_snap,
          hellmonk_ghost_big_iron, nicolae_abyss_entry_one_way_or_another,
          hell_entry, minmay_microvault, infiniplex_staircase_x
Depths:4: evilmike_zot_entry_round, layout_basic, enter_ziggurat_c, hell_entry,
          uniq_sojobo, uniq_parghit
Hell
Zot:1:    layout_cathedral_of_symmetry
Zot:2:    grunt_zot_stairs_faceoff, layout_misc_corridors, uniq_vv
Zot:3:    lemuel_firehouse, layout_concentric_octagons
Zot:4:    layout_cathedral_of_symmetry, hangedman_zot_wheel_spokes, st_stairs_9,
          hangedman_zot_spectrum
Zot:5:    layout_basic, grunt_ministairs_9

Skill      XL: |  1  2  3  4  5  6  7  8  9 10 11 12 13 14 15 16 17 18 19 20 21 22 23 24 25 26 27 |
---------------+----------------------------------------------------------------------------------+-----
Armour         | 4 5 6 7 8 10 11 13 14 15 16 17 18 20 21 22 23 24 25 26 27 | 27.0
Fighting       | 4 5 6 7 9 10 11 13 14 15 16 17 18 20 21 22 23 24 25 26 27 | 27.0
Axes           | 3 4 5 6 8 10 11 12 14 15 17 18 19 20 21 22 23 24 25 26 27 | 27.0
Shields        | 5 6 7 12 15 17 18 20 22 24 25 27 | 27.0
Invocations    | 3 6 8 10 11 12 13 14 15 16 18 20 24 26 | 26.6
Dodging        | 16 | 16.6

Action                     |  1- 3 |  4- 6 |  7- 9 | 10-12 | 13-15 | 16-18 | 19-21 | 22-24 | 25-27 || total
---------------------------+-------+-------+-------+-------+-------+-------+-------+-------+-------++-------
  Melee: War axe           |    70 |    58 |       |       |       |       |       |       |       ||   128
         Headbutt          |    13 |    12 |    58 |    88 |   141 |   305 |   410 |   479 |   673 ||  2179
         Hand axe          |       |    57 |   263 |    60 |       |       |       |       |       ||   380
         Broad axe         |       |       |       |   448 |   686 |  1231 |  1276 |  1584 |  1966 ||  7191
 Invoke: Draw Destruction  |       |     2 |       |     7 |    12 |    20 |    20 |     9 |     1 ||    71
         Draw Summoning    |       |       |       |     1 |     3 |     3 |     1 |     5 |       ||    13
         Draw Escape       |       |       |       |     5 |       |     1 |     2 |     7 |     1 ||    16
         Triple Draw       |       |       |       |       |       |       |     1 |       |       ||     1
         Deal Four         |       |       |       |       |       |       |       |       |     6 ||     6
  Evoke: Wand              |       |       |       |       |       |       |       |     1 |    10 ||    11
         Phantom mirror    |       |       |       |       |       |       |       |       |     1 ||     1
    Use: Scroll            |       |     1 |     2 |    18 |     2 |    19 |     4 |     5 |    16 ||    67
         Potion            |       |       |     1 |     1 |     3 |     7 |     9 |     3 |    20 ||    44
   Stab: Distracted        |       |       |       |       |       |       |       |     3 |       ||     3
         Paralysed         |       |       |       |       |       |       |       |       |     3 ||     3
 Armour: Scale mail        |    35 |    44 |       |       |       |       |       |       |       ||    79
         Chain mail        |       |    31 |   130 |       |       |       |       |       |       ||   161
         Plate armour      |       |       |    81 |   481 |   749 |  1016 |   894 |   933 |   586 ||  4740
         Gold dragon scale |       |       |       |       |       |       |       |       |   652 ||   652
  Dodge: Dodged            |    37 |    45 |    99 |   157 |   283 |   316 |   260 |   241 |   324 ||  1762
  Block: Buckler           |    15 |    27 |    55 |   114 |   163 |       |       |       |       ||   374
         Kite shield       |       |       |       |       |    54 |  1049 |  1202 |  1057 |       ||  3362
         Tower shield      |       |       |       |       |       |       |       |   442 |  2677 ||  3119
